 Dungeon Crawl Stone Soup version 0.21-a0-265-gb353147 (webtiles) character file.

233 sagitran the Slasher (level 5, -8/58 HPs)
             Began as a Demonspawn Gladiator on Sept 10, 2017.
             Was an Initiate of Wu Jian.
             Blown up by Pikel (22 damage)
             ... with a wand of disintegration (?/24)
             ... on level 5 of the Dungeon on Sept 11, 2017.
             The game lasted 00:21:52 (3635 turns).

sagitran the Slasher (Demonspawn Gladiator)         Turns: 3635, Time: 00:21:52

Health: -8/58      AC: 22    Str: 16    XL:     5   Next: 75%
Magic:  5/5        EV:  2    Int:  9    God:    Wu Jian [......]
Gold:   129        SH:  3    Dex: 14    Spells: 3/4 levels left

rFire    . . .     SeeInvis +   a - +0 long sword
rCold    . . .     Gourm    .   l - +0 buckler
rNeg     + + +     Faith    .   (armour currently unavailable)
rPois    +         Spirit   .   (helmet currently unavailable)
rElec    .         Reflect  .   (cloak currently unavailable)
rCorr    .         Harm     .   (gloves currently unavailable)
MR       .....     NoTele   +   (boots currently unavailable)
Stlth    +.........             (no amulet)
HPRegen  0.19/turn              n - ring of loudness (curse)
MPRegen  0.09/turn              e - ring of see invisible

@: tree-form
A: powered by death 1
a: Renounce Religion


You were on level 5 of the Dungeon.
You worshipped Wu Jian.
Wu Jian was noncommittal.
You were not hungry.
You were a tree.
You visited 1 branch of the dungeon, and saw 5 of its levels.

You collected 129 gold pieces.

Inventory:

Hand Weapons
 a - a +0 long sword (weapon)
Missiles
 d - 2 throwing nets (quivered)
Armour
 b - a +0 leather armour (melded)
 c - a +0 helmet (melded)
 k - a +0 pair of gloves (melded)
 l - a +0 buckler (worn)
 q - a +0 pair of boots (melded)
 y - a +0 ring mail of magic resistance
Jewellery
 e - a ring of see invisible (right branch)
 m - an uncursed ring of fire
 n - a cursed ring of loudness (left branch)
 A - an uncursed ring of see invisible
Wands
 w - a wand of digging (18/24)
Scrolls
 r - a scroll of amnesia
 v - a scroll of magic mapping {unknown}
 x - a scroll of immolation {unknown}
 z - 2 scrolls of teleportation {unknown}
Potions
 o - a potion of haste {unknown}
 p - 2 potions of cancellation
 s - 3 potions of curing
 u - a potion of degeneration {unknown}
Books
 i - a book of Necromancy

   Spells                             Type                      Level
   a - Pain                           Necromancy                   1
   b - Animate Skeleton               Necromancy                   1
   c - Vampiric Draining              Necromancy                   3
   d - Regeneration                   Charms/Necromancy            3
   e - Animate Dead                   Necromancy                   4
   f - Control Undead                 Necromancy                   4
Comestibles
 f - 6 bread rations
 g - 4 meat rations
 h - 4 fruits


   Skills:
 + Level 2.6 Fighting
 + Level 4.3 Long Blades
 + Level 1.9 Throwing
 + Level 2.5 Armour
 + Level 3.2 Dodging
 + Level 1.0 Stealth
 + Level 0.1 Shields


You had 3 spell levels left.
You knew the following spells:

 Your Spells              Type           Power        Failure   Level  Hunger
a - Pain                  Necr           #...         54%         1    ##.....


Dungeon Overview and Level Annotations

Branches:
Dungeon (5/15)             Temple (0/1) D:5

Altars:
Ashenzari
Kikubaaqudgha
Okawaru
Wu Jian

Shops:
D:5 [*

Annotations:
D:5 Grinder, Pikel


Innate Abilities, Weirdness & Mutations

((You are mostly covered in icy blue scales. (AC +3)))
You regenerate a little health from kills.
((You are partially covered in sharp spines.))


Message History

* * * LOW HITPOINT WARNING * * *
The slave hits you but does no damage. x2
You feel better. The slave hits you but does no damage.
Pikel struggles against the net.
You block the slave's attack. The slave hits you.
* * * LOW HITPOINT WARNING * * *
The slave hits you but does no damage.
You catch the helpless Pikel completely off-guard!
You slash Pikel!
Pikel is lightly wounded.
Pikel struggles against the net.
The slave hits you but does no damage. The slave hits you.
* * * LOW HITPOINT WARNING * * *
The slave hits you but does no damage. x2
You hit Pikel.
Pikel is moderately wounded.
Pikel struggles against the net.
The slave hits you but does no damage. The slave barely misses you.
The slave hits you but does no damage. x2
Pikel zaps a wand.
You are blasted!
You die...

#......... #.........
##### #........ .....
#####......# .....
###..........# .....
.......>.....# .....
#..........# .....
#...p.p%...# .....
#...p♣#'#### .....
#...pK#.# ....?
#.....#.#########
....a
#.....#........∩######
#....
#....(#########.#.....
####### #.#.###.
#...#... #####.##
#...#.


You could see Pikel (caught) and 4 slaves.

Vanquished Creatures
  A scorpion (D:4)
  A centaur skeleton (D:5)
  A hound (D:3)
  A worker ant (D:5)
  2 adders
  An adder skeleton (D:4)
  3 worms (D:3)
  4 leopard geckos
  2 orcs (D:3)
  4 bats
  4 giant cockroaches
  7 hobgoblins
  5 jackals
  8 kobolds
  2 quokkas
  3 frilled lizards
  8 goblins
  13 rats
70 creatures vanquished.

Notes
Turn   | Place    | Note
-------+----------+-------------------------------------------
     0 | D:1      | sagitran the Demonspawn Gladiator began the quest for the Orb.
     0 | D:1      | Reached XP level 1. HP: 16/16 MP: 1/1
   403 | D:1      | Gained mutation: You are partially covered in sharp spines. [demonic ancestry]
   403 | D:1      | Reached XP level 2. HP: 14/22 MP: 2/2
  1027 | D:1      | Reached skill level 3 in Long Blades
  1386 | D:2      | Reached skill level 1 in Armour
  1498 | D:2      | Gained mutation: You are partially covered in icy blue scales. (AC +2) [demonic ancestry]
  1498 | D:2      | Reached XP level 3. HP: 25/27 MP: 3/3
  1620 | D:2      | Found an ornate altar of the Wu Jian Council.
  1995 | D:2      | Found an ancient bone altar of Kikubaaqudgha.
  1996 | D:2      | Found an iron altar of Okawaru.
  1999 | D:2      | Found a shattered altar of Ashenzari.
  2362 | D:2      | Became a worshipper of the Wu Jian Council
  2398 | D:3      | Reached skill level 1 in Stealth
  2398 | D:3      | Gained mutation: You are mostly covered in icy blue scales. (AC +3) [demonic ancestry]
  2398 | D:3      | Reached XP level 4. HP: 34/34 MP: 4/4
  3237 | D:4      | Reached skill level 4 in Long Blades
  3237 | D:4      | Gained mutation: You regenerate a little health from kills. [demonic ancestry]
  3237 | D:4      | Reached XP level 5. HP: 30/39 MP: 5/5
  3473 | D:5      | Entered Level 5 of the Dungeon
  3473 | D:5      | Found Heneijio's Armour Emporium.
  3473 | D:5      | Noticed Grinder
  3473 | D:5      | Noticed a centaur
  3502 | D:5      | Found a staircase to the Ecumenical Temple.
  3529 | D:5      | Paralysed by Grinder for 3 turns
  3552 | D:4      | Learned a level 1 spell: Pain
  3600 | D:5      | Found Uwnuugua's General Store.
  3621 | D:5      | Noticed a slave
  3622 | D:5      | Noticed a slave
  3623 | D:5      | Noticed Pikel
  3623 | D:5      | Noticed a slave
  3623 | D:5      | Noticed a slave
  3635 | D:5      | Blown up by Pikel

Vault maps used:
D:1:      saegor_arrival_simple_e
D:2:      gammafunk_temple_overflow_claw, lemuel_crystal_altar,
          minmay_rat_gold_closets
D:3:      first_bread, minmay_door_square
D:4:      lightli_corner_chamber
D:5:      cheibrodos_helix_gallery, minmay_temple_entry_butterflies,
          serial_shops, shop, nicolae_shop_stone, shop, shop_statue,
          nicolae_shop_statue_plus, uniq_grinder, uniq_pikel

Skill      XL: |  1  2  3  4 |
---------------+-------------+-----
Long Blades    | 3 4 |  4.3
Armour         | 1 2 |  2.5
Dodging        | 3 |  3.2
Stealth        | 1 |  1.0
Fighting       | |  2.6
Throwing       | |  1.9
Shields        | |  0.1

Action                   |  1- 3 |  4- 6 || total
-------------------------+-------+-------++-------
Melee: Long sword        |    92 |    65 ||   157
       Mace              |     2 |       ||     2
Throw: Throwing net      |     3 |     3 ||     6
  Use: Scroll            |     4 |     3 ||     7
       Potion            |       |     3 ||     3
 Stab: Held in net/web   |       |     1 ||     1
  Eat: Chunk             |     4 |     3 ||     7
       Royal jelly       |       |     1 ||     1
Armor: Leather armour    |    10 |     8 ||    18
       Ring mail         |    13 |    18 ||    31
       Skin              |       |    17 ||    17
Dodge: Dodged            |    64 |    42 ||   106
Block: Buckler           |     9 |    13 ||    22
       Rpst.: Long sword |    16 |    10 ||    26

Table legend:
 A = Spawn XP
 B = Non-spawn XP
 C = Spawn XP percentage of total XP
 D = Spawn monster count
 E = Non-spawn monster count
 F = Spawn count percentage of total count
 G = Total turns spent on level
                    A         B        C        D         E        F      G
               +---------+---------+-------+---------+---------+-------+---------
         Total |       0 |     334 |   0.0 |       0 |      70 |   0.0 |  3635
               +---------+---------+-------+---------+---------+-------+---------
           D:1 |       0 |      27 |   0.0 |       0 |      15 |   0.0 |  1312
           D:2 |       0 |      37 |   0.0 |       0 |      24 |   0.0 |   924
           D:3 |       0 |      82 |   0.0 |       0 |      19 |   0.0 |   912
           D:4 |       0 |     100 |   0.0 |       0 |       8 |   0.0 |   381
           D:5 |       0 |      88 |   0.0 |       0 |       4 |   0.0 |   106
               +---------+---------+-------+---------+---------+-------+---------
